 Dungeon Crawl Stone Soup version 0.18-a0-943-g2c08dd4 (webtiles) character file.

714 gorblad the Covered (level 7, -3/44 HPs)
             Began as a Gargoyle Fighter on Dec 28, 2015.
             Killed by divine providence
             ... invoked by an orc priest
              (10 damage)
             ... on level 4 of the Dungeon.
             The game lasted 00:07:50 (4072 turns).

gorblad the Covered (Gargoyle Fighter)              Turns: 4072, Time: 00:07:51

Health: -3/44      AC: 13    Str: 22    XL:     7   Next: 69%
Magic:  7/7        EV:  8    Int:  8    God:
Gold:   89         SH: 11    Dex:  9    Spells: 0 memorised, 6 levels left

rFire  . . .     SeeInvis .     a - +0 flail
rCold  . . .     Gourm    .     b - +0 scale mail
rNeg   + . .     Faith    .     c - +1 shield
rPois  ∞         Spirit   .     (no helmet)
rElec  +         Dismiss  .     h - +0 cloak
rCorr  .         Reflect  .     (no gloves)
SustAt .         Harm     .     (no boots)
MR     .....                    (no amulet)
Stlth  ..........               (no ring)
                                (no ring)

@: not resistant to hostile enchantments, extremely unstealthy
A: negative energy resistance 1, electricity resistance, unbreathing,
petrification resistance, rot immunity, AC +4
a: no special abilities


You were on level 4 of the Dungeon.
You were very hungry.

You visited 1 branch of the dungeon, and saw 4 of its levels.
You also visited: Sewer.

You collected 89 gold pieces.

Inventory:

Hand Weapons
 a - a +0 flail (weapon)
Armour
 b - a +0 scale mail (worn)
 c - a +1 shield (worn)
 h - a +0 cloak (worn)
Wands
 o - a wand of digging (13/24)
Scrolls
 j - 4 scrolls of remove curse
 q - a scroll of teleportation
Potions
 d - 4 potions of might
 e - a potion of degeneration {unknown}
 i - a potion of cancellation {unknown}
 l - a potion of resistance {unknown}
 m - a potion of cure mutation {unknown}
 r - a potion of lignification {unknown}
 t - a potion of haste {unknown}
 v - 2 potions of magic {unknown}
Comestibles
 f - 2 bread rations
 g - a meat ration
 s - a beef jerky


   Skills:
 * Level 5.3 Fighting
 * Level 4.5 Maces & Flails
 * Level 5.6 Armour
 * Level 5.5 Shields


You had 6 spell levels left.
You didn't know any spells.

Dungeon Overview and Level Annotations

Branches:
Dungeon (4/15)
 Temple: D:4-7

Altars:
Dithmenos
Sif Muna


Innate Abilities, Weirdness & Mutations

You are resistant to torment.
Your stone body is resilient (AC +4).
You are immune to poison.
You resist negative energy.
You are resistant to electric shocks.
You can survive without breathing.
You are immune to petrification.
You are immune to rotting.


Message History

The orc priest is healed somewhat.
The worker ant barely misses you.
You are too injured to fight recklessly!
Unknown command.
You are too injured to fight recklessly!
Unknown command.
You closely miss the orc priest.
The orc priest is lightly wounded.
You block the orc priest's attack. The orc barely misses you.
The orc priest hits you but does no damage.
You block the worker ant's attack.
You are too injured to fight recklessly!
You completely miss the orc priest.
The orc priest is lightly wounded.
The orc priest hits you.
* * * LOW HITPOINT WARNING * * *
The worker ant waves its antennae.
The worker ant barely misses you. The orc barely misses you.
The orc priest calls down the wrath of Beogh upon you.
Something smites you!
You die...

....)##.#
#...#.#
.....##.#
#.##.##
.....##.#
#.####
#.......#..)
#.#
#.##........
####.###
.....####...
#......#
#.#### ..
#.##.#.# #.#
####.##.#.#
#.##
#..oo@)...#
#..#
#...##o#a#..#
##.######.
#.#.#..#
..........
.......#
##..######
##.#.#.##
##...#
..#.#.#
......#
......#
#.#..## ..###
#.##...


You could see a worker ant, 2 orc priests and an orc.

Vanquished Creatures
  An ogre (D:4)
  5 big kobolds (Sewer)
  An orc wizard (D:4)
  A worker ant (D:4)
  Terence (D:3)
  4 river rats (Sewer)
  3 adders
  6 oozes (Sewer)
  4 worms
  2 giant geckos
  9 orcs (D:3)
  3 ball pythons
  5 bats
  A giant cockroach (D:1)
  6 goblins
  10 hobgoblins
  3 jackals (D:2)
  A quokka (D:3)
  3 giant newts
  11 kobolds
  15 rats
95 creatures vanquished.

Notes
Turn   | Place    | Note
--------------------------------------------------------------
     0 | D:1      | gorblad the Gargoyle Fighter began the quest for the Orb.
     0 | D:1      | Reached XP level 1. HP: 14/14 MP: 1/1
   263 | D:1      | Reached XP level 2. HP: 19/19 MP: 2/2
  1122 | D:2      | Reached XP level 3. HP: 16/23 MP: 3/3
  1475 | D:2      | You fall through a shaft!
  1485 | D:3      | Found a glowing drain.
  1554 | Sewer    | Entered a sewer
  1785 | Sewer    | Noticed a big kobold
  1805 | Sewer    | Killed a big kobold
  1805 | Sewer    | Reached skill level 4 in Fighting
  1805 | Sewer    | Reached XP level 4. HP: 27/29 MP: 4/4
  1805 | Sewer    | Reached XP level 5. HP: 30/33 MP: 5/5
  2167 | Sewer    | Reached XP level 6. HP: 37/39 MP: 6/6
  2269 | Sewer    | Reached skill level 5 in Armour
  2835 | Sewer    | Reached skill level 5 in Shields
  2861 | Sewer    | Reached skill level 5 in Fighting
  2861 | Sewer    | Reached XP level 7. HP: 38/44 MP: 7/7
  2956 | D:3      | Noticed Terence
  2973 | D:3      | Killed Terence
  3004 | D:3      | Found a shadowy altar of Dithmenos.
  3463 | D:3      | Found a deep blue altar of Sif Muna.
  4072 | D:4      | Killed from afar by an orc priest

Vault maps used:
D:1:      dpeg_arrival_three_same_balls
D:2:      first_bread
D:3:      grunt_dithmenos_smoke, marbit_many_paths, portal_sewer_entry_b,
          uniq_terence
D:4:      grunt_pakellas_basics
Sewer:    sewer_co_tree

Action                   |  1- 3 |  4- 6 |  7- 9 || total
-------------------------+-------+-------+-------++-------
Melee: Flail             |   170 |   267 |   174 ||   611
  Use: Scroll            |     3 |       |     5 ||     8
       Potion            |       |       |     6 ||     6
  Eat: Chunk             |     3 |       |     3 ||     6
       Meat ration       |       |     1 |       ||     1
